 Dungeon Crawl Stone Soup version 0.29-a0-294-g83ea962da3 (webtiles) character file.

Game seed: 925014612372648574

4164 HotDog the Basher (level 10, -9/91 HPs)
             Began as a Gargoyle Fighter on Mar 18, 2022.
             Was an Initiate of the Shining One.
             Mangled by a seven-headed hydra (10 damage)
             ... on level 7 of the Dungeon.
             The game lasted 00:13:15 (9066 turns).

HotDog the Basher (Gargoyle Fighter)                Turns: 9066, Time: 00:13:16

Health: -9/91      AC: 25    Str: 25    XL:     10   Next: 28%
Magic:  13/13      EV:  2    Int:  8    God:    the Shining One [......]
Gold:   578        SH:  0    Dex:  9    Spells: 9/9 levels left

rFire   . . .      SeeInvis .   f - +2 flail (holy)
rCold   . . .      Faith    .   c - +0 buckler
rNeg    + . .      Spirit   .   (body armour currently unavailable)
rPois   ∞          Reflect  .   (helmet currently unavailable)
rElec   .          Harm     .   (cloak currently unavailable)
rCorr   .          Rampage  .   (gloves currently unavailable)
Will    .....      NoTele   +   (boots currently unavailable)
Stlth   +.........              (no amulet)
HPRegen 0.25/turn               g - +4 ring of evasion
MPRegen 0.13/turn               (no ring)

@: confused, brilliant, tree-form, ambrosia-drunk, glowing
A: stationary, stasis, torment immunity, boosted hp, sickness immunity, AC +7,
negative energy resistance 1, (electricity resistance), torment resistance 1,
petrification resistance, (iridescent scales 1), MP-powered wands
a: Renounce Religion


You were on level 7 of the Dungeon.
You worshipped the Shining One.
The Shining One was noncommittal.
You were a tree.
You visited 2 branches of the dungeon, and saw 8 of its levels.
You also visited: Ossuary.

You collected 578 gold pieces.

Inventory:

Hand Weapons
 f - a +2 flail of holy wrath (weapon)
Armour
 c - a +0 buckler (worn)
 j - a +1 chain mail
 t - a +3 scale mail (melded)
Jewellery
 g - a +4 ring of evasion (left branch)
Wands
 o - a wand of polymorph (2)
Scrolls
 n - a scroll of amnesia
 p - 3 scrolls of noise
 r - a scroll of teleportation
 s - 2 scrolls of enchant armour
 u - a scroll of fog {unknown}
Potions
 b - a potion of ambrosia
 d - a potion of might
 e - a potion of flight
 h - 5 potions of curing
 i - a potion of invisibility {unknown}
 k - 3 potions of brilliance
 m - 3 potions of attraction
 q - 2 potions of heal wounds {unknown}


   Skills:
 * Level 6.4 Fighting
 * Level 9.2 Maces & Flails
 * Level 8.0 Armour
 * Level 3.6 Dodging
 * Level 6.0 Shields
 * Level 4.9 Invocations


You had 9 spell levels left.
You didn't know any spells.
Your spell library contained the following spells:

 Spells                   Type           Power      Damage    Failure   Level
 Foxfire                  Conj/Fire      0%         2x1d4     50%         1
 Pain                     Necr           0%         1d4       50%         1
 Scorch                   Fire           0%         2d5       63%         2
 Conjure Flame            Conj/Fire      0%         6-21      86%         3
 Inner Flame              Hex/Fire       0%         N/A       86%         3
 Flame Wave               Conj/Fire      0%         2d4       99%         4
 Summon Ice Beast         Ice/Summ       0%         N/A       99%         4
 Agony                    Necr           0%         N/A       100%        5
 Excruciating Wounds      Necr           0%         N/A       100%        5
 Summon Mana Viper        Hex/Summ       0%         N/A       100%        5
 Summon Cactus Giant      Summ           0%         N/A       100%        6
 Monstrous Menagerie      Summ           0%         N/A       100%        7


Dungeon Overview and Level Annotations

Branches:
Dungeon (7/15)             Temple (1/1) D:7         Ossuary (visited)

Altars:
Cheibriados
Gozag
Nemelex Xobeh
Okawaru
The Shining One

Shops:
D:5 *

Annotations:
D:2 1 runed translucent door, Crazy Yiuf


Innate Abilities, Weirdness & Mutations

You are a tree.
Your roots penetrate the ground, keeping you stationary.
You cannot be teleported.
You are immune to unholy pain and torment.
Your maximum health is greatly increased.
Your equipment is partially melded.
You are immune to sickness and miasma.
((Your stone body is resilient. (AC +7)))
You are immune to poison.
You resist negative energy. (rN+)
((You are resistant to electric shocks. (rElec)))
You are resistant to unholy torment.
You are immune to petrification.
((You are partially covered in iridescent scales. (AC +2)))
You expend magic power (3 MP) to strengthen your wands.


Message History

You block the seven-headed hydra's attack.
The seven-headed hydra bites you! x2
You thump the seven-headed hydra!
The seven-headed hydra is severely wounded.
The seven-headed hydra bites you but does no damage. x2
You block the seven-headed hydra's attack.
The seven-headed hydra bites you.
* * * LOW HITPOINT WARNING * * *
The seven-headed hydra bites you but does no damage. x3
You are confused.
You feel invigorated. The seven-headed hydra bites you.
* * * LOW HITPOINT WARNING * * *
The seven-headed hydra bites you but does no damage. x5
The seven-headed hydra barely misses you.
You cannot move. (Use ctrl+direction or * direction to attack without moving.)
You cannot move. (Use ctrl+direction or * direction to attack without moving.)
You cannot move. (Use ctrl+direction or * direction to attack without moving.)
You cannot move. (Use ctrl+direction or * direction to attack without moving.)
You attack the metal wall.
The seven-headed hydra bites you but does no damage. x3
The seven-headed hydra bites you.
The seven-headed hydra bites you but does no damage. x3
You hit the seven-headed hydra.
The seven-headed hydra is heavily wounded.
The seven-headed hydra bites you but does no damage.
The seven-headed hydra bites you.
The seven-headed hydra bites you but does no damage. x3
The seven-headed hydra bites you.
* * * LOW HITPOINT WARNING * * *
The seven-headed hydra bites you but does no damage.
You sock the seven-headed hydra!
The seven-headed hydra is severely wounded.
The seven-headed hydra bites you!
* * * LOW HITPOINT WARNING * * *
The seven-headed hydra bites you!
* * * LOW HITPOINT WARNING * * *
The seven-headed hydra bites you!
* * * LOW HITPOINT WARNING * * *
The seven-headed hydra bites you!
You die...

............#..###[....##
.....#...........##..#..#
.##..#..........####...###
.#...##........###!##.##?# #
......#....)...#.##.#.#.##.#
............<).#..##.#.##..#
......[)....)..##...###...#
#....<.##......#.D##.#.##..#
.......###.....#♣## #.#)##.#
.....<###......### ##.##.# ##
...#####.)......####...###
.##.. #.........>......##..#..#
......
#.................###.###..#..#
#..##.##.##...................#
#..#...#..##...........###....#
.........###.........##.##...#
.......... ...........).....#


You could see a seven-headed hydra.

Vanquished Creatures
  A two-headed ogre (D:7)
  Joseph (D:7)
  Prince Ribbit (D:5)
  A shadow (D:7)
  Eustachio (D:5)
  Edmund (D:6)
  A steam dragon (D:6)
  Menkaure (D:5)
  2 water moccasins
  Duvessa (D:7)
  2 sky beasts
  2 ogres
  3 black bears
  A centaur (D:7)
  A phantom (D:5)
  3 bullfrogs
  A kobold brigand (D:6)
  A necrophage (D:5)
  5 scorpions
  Dowan (D:7)
  A howler monkey (D:7)
  3 hounds
  3 jellies
  An orc wizard (D:3)
  3 iguanas
  8 mummies (Ossuary)
  8 gnolls
  3 adders
  A shadow imp (D:6)
  2 white imps (D:6)
  An ufetubus (D:6)
  A dart slug (D:1)
  6 orcs
  5 bats
  3 endoplasms
  2 giant cockroaches
  7 goblins
  5 hobgoblins
  4 jackals (D:2)
  19 kobolds
  5 quokkas
  4 ball pythons
  3 frilled lizards
  2 gnoll zombies (Ossuary)
  A hobgoblin zombie (Ossuary)
  4 kobold zombies (Ossuary)
  An orc zombie (Ossuary)
  A rat (D:1)
138 creatures vanquished.

Vanquished Creatures (collateral kills)
  A scorpion (D:4)
1 creature vanquished.

Grand Total: 139 creatures vanquished

Notes
Turn   | Place    | Note
-------+----------+-------------------------------------------
     0 | D:1      | HotDog the Gargoyle Fighter began the quest for the Orb.
     0 | D:1      | Reached XP level 1. HP: 14/14 MP: 1/1
   165 | D:1      | Reached XP level 2. HP: 10/19 MP: 2/2
   871 | D:1      | Reached XP level 3. HP: 23/23 MP: 3/3
  1870 | D:2      | Identified the +2 leather armour of the Other Side {+Blink
                  | rPois rC- Str+4}
  1921 | D:2      | Found a runed translucent door.
  1922 | D:2      | Noticed Crazy Yiuf
  2060 | D:3      | Reached skill level 1 in Dodging
  2060 | D:3      | Reached skill level 1 in Invocations
  2060 | D:3      | Reached XP level 4. HP: 9/29 MP: 4/4
  2723 | D:3      | Noticed a necrophage
  3218 | D:4      | Noticed a scorpion
  3225 | D:4      | Killed a scorpion
  3226 | D:4      | Reached skill level 3 in Maces & Flails
  3226 | D:4      | Reached XP level 5. HP: 28/33 MP: 5/5
  3294 | D:4      | Noticed an ogre
  3305 | D:4      | Killed an ogre
  3306 | D:4      | Reached skill level 4 in Maces & Flails
  3306 | D:4      | Reached XP level 6. HP: 38/38 MP: 7/7
  3327 | D:4      | Found a sand-covered staircase.
  3335 | Ossuary  | Entered an ossuary
  3944 | D:4      | Gained mutation: You sometimes lose the ability to read
                  | scrolls when taking damage. [potion of mutation]
  3944 | D:4      | Gained mutation: You have a beak for a mouth. [potion of
                  | mutation]
  3945 | D:4      | Lost mutation: You sometimes lose the ability to read
                  | scrolls when taking damage. [potion of mutation]
  3945 | D:4      | Lost mutation: You have a beak for a mouth. [potion of
                  | mutation]
  3945 | D:4      | Gained mutation: You expend magic power (3 MP) to
                  | strengthen your wands. [potion of mutation]
  3945 | D:4      | Gained mutation: You are partially covered in iridescent
                  | scales. (AC +2) [potion of mutation]
  3992 | D:4      | Noticed a black bear
  3999 | D:4      | Killed a black bear
  4000 | D:4      | Reached XP level 7. HP: 39/43 MP: 8/8
  4075 | D:4      | Reached skill level 5 in Armour
  4395 | D:4      | Reached skill level 5 in Maces & Flails
  4632 | D:5      | Entered Level 5 of the Dungeon
  5442 | D:5      | Noticed Eustachio
  5561 | D:6      | Reached XP level 8. HP: 37/48 MP: 10/10
  6160 | D:6      | Reached skill level 6 in Maces & Flails
  6518 | D:6      | Noticed Edmund
  6541 | D:6      | Killed Edmund
  6542 | D:6      | Reached skill level 5 in Fighting
  6965 | D:7      | Found a staircase to the Ecumenical Temple.
  6965 | D:7      | Noticed Duvessa
  6965 | D:7      | Noticed Dowan
  6987 | D:6      | Reached skill level 7 in Maces & Flails
  7113 | D:6      | Reached skill level 5 in Shields
  7113 | D:6      | Reached XP level 9. HP: 46/54 MP: 11/11
  7274 | D:7      | Killed Duvessa
  7279 | D:7      | Killed Dowan
  7294 | Temple   | Entered the Ecumenical Temple
  7495 | Temple   | Became a worshipper of the Shining One
  7738 | D:5      | Found Jayshen's Overcharged Wands.
  7758 | D:5      | Noticed Menkaure
  7765 | D:5      | Killed Menkaure
  7872 | D:5      | Killed Eustachio
  8071 | D:5      | Noticed Prince Ribbit
  8093 | D:5      | Killed Prince Ribbit
  8094 | D:5      | Reached skill level 8 in Maces & Flails
  8541 | D:7      | Noticed Joseph
  8559 | D:7      | Killed Joseph
  8666 | D:7      | Reached XP level 10. HP: 60/60 MP: 13/13
  8744 | D:7      | Noticed a two-headed ogre
  8756 | D:7      | Killed a two-headed ogre
  8757 | D:7      | Reached skill level 9 in Maces & Flails
  9041 | D:7      | Noticed a seven-headed hydra
  9066 | D:7      | HP: 1/91 [seven-headed hydra (12)]
  9066 | D:7      | Mangled by a seven-headed hydra

Illustrated notes

Levels and vault maps discovered:
D:1:      erik_arrival_blinker_ship, layout_basic
D:2:      layout_loops_corners, uniq_crazy_yiuf_cottage
D:3:      layout_basic, tgw_fedhas, shapermc_ecumenical_altar_pompeii,
          uniq_sigmund
D:4:      layout_basic, chequers_ossuary_entry_cave
D:5:      layout_cave_pools, nicolae_shop_overcharged_wands, uniq_eustachio,
          uniq_prince_ribbit1, uniq_menkaure
D:6:      layout_gridville, uniq_edmund
D:7:      minmay_the_grid_octo_triangle [minmay_the_grid_octo_77,
          minmay_the_grid_octo_prize_big_c, minmay_the_grid_octo_clover_2],
          layout_cave_pools, minmay_temple_entry_offerings, uniq_duvessa,
          uniq_joseph
Temple:   mainiacjoe_temple_cubbyholes

Skill      XL: |  1  2  3  4  5  6  7  8  9 10 |
---------------+-------------------------------+-----
Armour         | 4 5 6 7 8 |  8.0
Dodging        | 1 2 3 |  3.6
Invocations    | 1 2 3 4 |  4.9
Maces & Flails | 3 4 5 7 8 9 |  9.2
Fighting       | 4 5 6 |  6.4
Shields        | 4 5 6 |  6.0

Action                   |  1- 3 |  4- 6 |  7- 9 | 10-12 || total
-------------------------+-------+-------+-------+-------++-------
Melee: Flail             |   158 |    92 |   363 |    40 ||   653
  Use: Scroll            |     2 |     3 |     7 |     2 ||    14
       Potion            |       |     2 |     3 |     3 ||     8
Armor: Scale mail        |    52 |       |    18 |    19 ||    89
       Chain mail        |    34 |    54 |   220 |       ||   308
       Skin              |       |       |       |    41 ||    41
Dodge: Dodged            |   111 |    60 |   267 |    25 ||   463
Block: Buckler           |    30 |    24 |    88 |    12 ||   154

Table legend: (Time is in decaauts)
 A = Elapsed time spent in this place.
 B = Non-inter-level travel time spent in this place.
 C = Inter-level travel time spent in this place.
 D = Time resting spent in this place.
 E = Time spent auto-exploring this place.
 F = Levels seen in this place.
 G = Mean time per level.
                   A        B        C        D        E       F      G
               +--------+--------+--------+--------+--------+-----+--------+
         Total |   9195 |   8507 |    688 |   2132 |   4711 |   9 | 1021.7 |
       Dungeon |   8317 |   7683 |    634 |   1869 |   4302 |   7 | 1188.1 |
        Temple |    256 |    202 |     54 |    103 |     82 |   1 |  256.0 |
       Ossuary |    621 |    621 |      0 |    160 |    327 |   1 |  621.0 |
               +--------+--------+--------+--------+--------+-----+--------+

Top non-repeatable levels by time:
     D:6: 2054 daAuts
     D:2: 1837 daAuts
     D:4: 1344 daAuts
     D:5: 972 daAuts
     D:1: 968 daAuts
     D:7: 669 daAuts
 Ossuary: 621 daAuts
     D:3: 472 daAuts
  Temple: 256 daAuts
